Map: Rosebud LE

Players

FREDRICK - Winner!

  • Race: Zerg Zerg
  • Spawn Location: 11:00

Heatmaster - Winner!

  • Race: Protoss Protoss
  • Spawn Location: 11:00

SCAlphaTRC - Winner!

  • Race: Terran Terran
  • Spawn Location: 11:00

Throwfordays

  • Race: Protoss Protoss
  • League: Silver
  • Spawn Location: 5:00

Cthulhu

  • Race: Protoss Protoss
  • Spawn Location: 5:00

Faust

  • Race: Zerg Zerg
  • League: Diamond
  • Spawn Location: 5:00

VOD

Have the link to the VOD?

Description

Time

  • Played on: Feb. 6, 2019, 7:06 p.m.
  • Length: 19:50
Show
View Real Time Build Order
Export as new Build Order

FREDRICK Zerg - Winner!

Build Orders: Pool First 

Get SALT Encoding   

  12  0:02  Drone  
  13  0:08  Drone  
  14  0:17  Overlord  
  14  0:36  Drone x3  
  17  0:47  Drone  
  18  0:51  Spawning Pool  
  17  0:58  Drone  
  17  1:01  Extractor  
  17  1:08  Overlord  
  17  1:38  Queen  
  19  1:40  Drone x2  
  19  1:42  Hatchery  
  19  1:44  Extractor  
  19  2:10  Drone x3  
  19  2:14  Queen  
  24  2:22  Metabolic Boost  
  24  2:24  Drone  
  25  2:40  Roach Warren  
  24  2:47  Drone x2  
  26  2:52  Overlord  
  26  3:00  Drone x2  
  28  3:12  Evolution Chamber x2  
  28  3:20  Roach  
  28  3:22  Roach  
  30  3:35  Roach x2  
  30  3:36  Drone  
  35  3:42  Zerg Missile Weapons Level 1  
  35  3:48  Roach  
  37  3:50  Drone  
  38  4:01  Zerg Ground Armor Level 1  
  38  4:13  Roach  
  38  4:14  Roach x2  
  44  4:20  Overlord  
  44  4:28  Extractor  
  43  4:31  Extractor  
  43  4:32  Roach  
  43  4:38  Overlord  
  44  4:40  Overlord  
  44  4:44  Drone  
  45  4:52  Drone x2  
  47  4:56  Drone  
  47  4:57  Drone  
  49  5:06  Lair  
  49  5:10  Drone  
  49  5:13  Drone  
  51  5:18  Roach  
  53  5:26  Drone x3  
  56  5:29  Drone  
  56  5:34  Drone x2  
  56  5:35  Drone  
  60  5:51  Overlord x3  
  60  5:54  Drone  
  60  5:55  Roach  
  63  6:05  Roach x2  
  63  6:08  Drone  
  63  6:11  Zerg Missile Weapons Level 2  
  68  6:12  Glial Reconstitution  
  66  6:49  Roach x6  
  66  6:50  Roach x5  
  88  7:13  Burrow  
  88  7:20  Overlord x4  
  88  7:40  Roach x4  
  88  7:41  Roach x4  
  100  7:57  Roach x5  
  110  7:59  Overlord  
  110  8:00  Overlord x2  
  110  8:03  Zerg Ground Armor Level 2  
  110  8:25  Hatchery  
  109  8:32  Roach x2  
  109  8:33  Roach x4  
  79  10:02  Roach x6  
  79  10:03  Roach x6  
  95  10:24  Lair  
  69  10:59  Infestation Pit  
  69  11:01  Roach  
  69  11:02  Roach x8  
  86  11:09  Queen  
  88  11:19  Hydralisk Den  
  87  11:36  Roach x12  
  111  11:41  Extractor  
  111  11:43  Extractor  
  111  11:45  Queen  
  111  11:50  Hydralisk x3  
  117  12:06  Drone x2  
  117  12:07  Drone x5  
  111  12:42  Hatchery  
  86  12:52  Roach  
  86  12:53  Roach x14  
  86  12:54  Queen  
  112  13:04  Hive  
  92  13:17  Hydralisk x3  
  98  13:26  Roach  
  100  13:29  Hydralisk  
  100  13:30  Queen  
  104  13:41  Drone x4  
  105  13:42  Drone x2  
  105  13:48  Tunneling Claws  
  110  13:54  Hydralisk  
  112  14:00  Grooved Spines  
  112  14:04  Hydralisk  
  114  14:12  Queen  
  116  14:18  Drone  
  116  14:20  Hydralisk x2  
  121  14:37  Roach x2  
  121  14:38  Roach x4  
  113  15:31  Hydralisk x12  
  125  15:43  Spire  
  122  16:03  Zerg Missile Weapons Level 3  
  122  16:32  Hydralisk x12  
  122  16:35  Roach x18  
  122  16:49  Hydralisk x9  
  122  16:50  Hydralisk x2  
  132  18:04  Corruptor  
  132  18:05  Corruptor x9  
  148  18:38  Hatchery  
  147  18:43  Corruptor x2  
  147  18:46  Overlord  
  147  18:47  Overlord x8  
  151  19:17  Extractor  
  151  19:19  Corruptor x4  
  151  19:20  Corruptor  
  151  19:21  Extractor  
  159  19:25  Extractor  
Show
View Real Time Build Order
Export as new Build Order

Heatmaster Protoss - Winner!

Build Orders:  

Get SALT Encoding   

  12  0:02  Probe  
  13  0:14  Probe  
  14  0:21  Pylon  
  14  0:27  Probe  
  15  0:46  Pylon  
  15  0:49  Probe  
  16  0:57  Gateway  
  16  1:01  Probe  
  17  1:08  Assimilator  
  17  1:14  Probe  
  18  1:18  Assimilator  
  18  1:33  Probe  
  19  1:40  Pylon  
  19  1:45  Probe  
  20  1:50  Zealot  
  22  1:57  Probe  
  22  2:01  Cybernetics Core  
  23  2:06  Pylon  
  23  2:10  Pylon  
  23  2:24  Pylon  
  23  2:31  Probe  
  24  2:43  Probe  
  25  2:47  Stargate  
  25  2:49  Pylon  
  25  2:52  Stalker  
  27  3:22  Stalker  
  29  3:34  Pylon  
  29  3:37  Forge  
  29  3:39  Void Ray  
  33  4:06  Nexus  
  33  4:08  Protoss Air Weapons Level 1  
  33  4:13  Void Ray  
  33  4:17  Probe  
  38  4:29  Probe  
  39  4:40  Assimilator  
  39  4:45  Assimilator  
  39  4:48  Pylon  
  39  5:11  Photon Cannon  
  39  5:14  Photon Cannon  
  39  5:17  Probe  
  40  5:25  Probe  
  40  5:27  Photon Cannon  
  40  5:32  Probe  
  42  5:45  Probe  
  42  5:47  Pylon  
  43  5:52  Pylon  
  43  5:57  Pylon, Probe  
  44  6:01  Probe  
  44  6:02  Warp Gate  
  44  6:09  Probe  
  46  6:17  Probe  
  46  6:18  Photon Cannon  
  47  6:25  Probe  
  48  6:35  Probe  
  49  6:47  Probe  
  50  6:55  Probe  
  51  7:04  Stargate  
  51  7:05  Probe  
  51  7:06  Stargate  
  52  7:08  Stargate  
  52  7:17  Probe  
  51  7:29  Probe  
  48  7:41  Probe  
  40  7:46  Void Ray  
  40  7:48  Void Ray  
  40  7:49  Void Ray  
  52  7:53  Probe  
  52  7:57  Pylon  
  53  8:09  Photon Cannon  
  53  8:11  Photon Cannon  
  53  8:12  Photon Cannon  
  53  8:18  Void Ray  
  53  8:19  Void Ray  
  53  8:23  Stalker  
  53  8:26  Protoss Air Armor Level 1  
  63  8:46  Void Ray  
  63  8:50  Stalker  
  63  8:53  Probe  
  63  8:54  Probe  
  67  8:56  Void Ray  
  75  9:06  Probe  
  76  9:21  Void Ray  
  76  9:31  Void Ray  
  76  9:32  Void Ray  
  88  9:39  Void Ray  
  92  10:04  Void Ray  
  96  10:07  Pylon  
  96  10:14  Void Ray x2  
  104  10:39  Nexus  
  104  10:41  Pylon  
  104  10:45  Pylon  
  96  11:46  Fleet Beacon  
  96  11:48  Pylon  
  96  11:50  Pylon  
  96  11:51  Pylon  
  96  11:57  Probe  
  97  12:02  Assimilator  
  97  12:07  Assimilator  
  97  12:09  Probe  
  97  12:12  Probe  
  99  12:21  Probe  
  100  12:24  Probe  
  100  12:26  Stalker  
  91  12:33  Void Ray x2, Probe  
  91  12:34  Void Ray x2  
  91  12:36  Probe  
  79  12:45  Probe  
  79  12:48  Probe  
  77  12:58  Probe  
  78  13:08  Void Ray  
  78  13:10  Probe  
  79  13:16  Void Ray  
  87  13:20  Void Ray x2  
  95  13:41  Void Ray  
  95  13:42  Protoss Air Weapons Level 2  
  95  13:49  Void Ray  
  95  13:53  Void Ray x2  
  99  14:00  Photon Cannon  
  99  14:02  Photon Cannon  
  111  14:27  Stalker  
  111  14:30  Probe  
  114  14:37  Pylon  
  114  14:44  Stargate  
  114  14:46  Stargate  
  114  14:50  Stargate  
  114  14:52  Probe  
  115  14:54  Stargate  
  115  15:00  Nexus  
  115  15:04  Probe  
  115  15:05  Assimilator  
  116  15:09  Assimilator  
  116  15:13  Pylon  
  116  15:17  Pylon  
  116  15:22  Anion Pulse-Crystals  
  116  15:29  Pylon  
  116  15:34  Void Ray x4  
  132  16:20  Void Ray  
  132  16:21  Void Ray x5  
  156  16:44  Probe  
  157  16:55  Void Ray  
  157  16:56  Probe  
  162  17:04  Void Ray  
  162  17:08  Probe  
  167  17:20  Probe  
  168  17:31  Pylon  
  168  17:32  Pylon, Probe  
  168  17:33  Void Ray x3  
  168  17:35  Pylon  
  161  18:00  Void Ray x3  
  121  18:10  Void Ray  
  125  18:16  Void Ray  
  129  18:40  Void Ray  
  133  18:42  Nexus  
  133  18:49  Probe  
  134  19:01  Probe  
  135  19:13  Probe  
  136  19:17  Nexus  
  136  19:22  Probe  
  144  19:25  Probe  
  144  19:30  Probe  
  146  19:37  Probe  
Show
View Real Time Build Order
Export as new Build Order

SCAlphaTRC Terran - Winner!

Build Orders:  

Get SALT Encoding   

  12  0:01  SCV  
  13  0:13  SCV  
  14  0:19  Supply Depot  
  14  0:25  SCV  
  15  0:47  Refinery, Barracks  
  15  0:48  SCV  
  16  0:52  Refinery  
  16  1:00  SCV  
  17  1:10  Barracks  
  17  1:13  SCV  
  18  1:25  SCV  
  19  1:30  Supply Depot  
  19  1:37  Barracks Reactor  
  19  1:51  Orbital Command  
  19  1:59  Reaper  
  20  2:15  Reaper x2  
  22  2:19  Barracks  
  22  2:22  SCV  
  23  2:31  Reaper  
  23  2:34  SCV  
  25  2:46  SCV  
  25  2:47  Reaper x2  
  25  2:51  Supply Depot  
  28  3:00  SCV  
  28  3:04  Reaper  
  30  3:07  Reaper  
  31  3:13  Supply Depot  
  31  3:19  Reaper x2  
  33  3:30  SCV  
  34  3:36  Reaper  
  34  3:39  Reaper  
  36  3:51  Reaper x2  
  38  3:57  Command Center  
  34  4:20  Barracks Reactor, Barracks Tech Lab  
  34  4:23  SCV  
  33  4:35  SCV  
  34  4:44  Marine x2  
  36  4:46  Marauder, Factory  
  36  4:48  SCV  
  39  5:00  SCV  
  39  5:04  Marine x2  
  39  5:05  Marine x2  
  44  5:07  Stimpack, Marauder  
  44  5:12  SCV  
  47  5:24  SCV  
  44  5:37  Factory Tech Lab  
  44  5:39  Marine x3, Factory Tech Lab  
  44  5:40  Marine, Marauder  
  44  5:41  Orbital Command  
  46  5:44  SCV  
  47  5:56  SCV  
  48  5:57  Marine x2  
  36  6:13  Marine x3  
  36  6:24  Marine x2  
  33  6:30  Marine  
  33  6:31  Marine, Siege Tank  
  38  6:47  Bunker  
  38  6:48  Marine  
  39  6:57  Command Center  
  39  7:06  Siege Tank  
  42  7:26  SCV  
  43  7:38  SCV  
  43  7:42  Marine x3  
  47  7:48  Supply Depot, Marauder  
  47  7:50  Supply Depot  
  50  7:58  SCV  
  50  7:59  Combat Shield  
  50  8:00  Siege Tank  
  50  8:05  Refinery  
  49  8:14  Marine x2  
  49  8:15  Marauder  
  53  8:27  Orbital Command  
  53  8:31  SCV  
  54  8:42  Marine x3, Marauder  
  54  8:44  SCV  
  60  8:50  Siege Tank  
  60  8:54  Starport  
  60  8:55  SCV  
  64  9:01  SCV  
  65  9:04  Marauder  
  65  9:08  Marine x2  
  65  9:09  Marine x2  
  72  9:31  Refinery, SCV  
  72  9:37  Marine x2  
  74  9:39  Marauder  
  74  9:40  Siege Tank  
  74  9:43  SCV  
  80  9:48  Supply Depot  
  80  9:49  Barracks Reactor  
  80  9:51  Supply Depot  
  80  9:55  SCV  
  72  10:09  Marine, Marauder  
  72  10:10  Marine  
  72  10:11  Viking  
  72  10:12  Medivac  
  73  10:27  Marine x2  
  75  10:31  Marauder  
  72  10:40  Marine x2  
  72  10:41  Siege Tank  
  72  10:42  Medivac x2  
  79  10:45  Marine  
  80  10:52  Marauder  
  80  10:56  SCV  
  83  11:01  Marine  
  83  11:02  Marine  
  85  11:05  Marine x2  
  85  11:06  Command Center  
  87  11:18  Viking  
  87  11:20  Viking  
  91  11:39  Marine x4, Marauder  
  97  11:52  Supply Depot  
  97  12:00  Marauder  
  99  12:11  Marine x3  
  99  12:13  Medivac, Siege Tank  
  99  12:14  Supply Depot  
  107  12:17  Supply Depot  
  107  12:22  Marauder  
  109  12:23  Orbital Command  
  109  12:27  Marine  
  109  12:29  Marine  
  107  13:29  Marine x4, Marauder  
  107  13:33  Barracks  
  111  13:35  Barracks x2, Starport  
  111  13:40  Engineering Bay x2  
  92  13:50  Marauder  
  79  14:09  Marine  
  75  14:10  Marine x3  
  75  14:11  Medivac x2, Siege Tank, Marauder  
  75  14:15  SCV  
  75  14:17  SCV x2  
  89  14:20  Terran Infantry Armor Level 1, Terran Infantry Weapons Level 1  
  89  14:23  Barracks Reactor, Starport Reactor  
  89  14:24  Barracks Reactor, Barracks Tech Lab  
  88  14:27  Marine, SCV, Armory  
  88  14:29  SCV x2  
  79  14:33  Marauder  
  75  14:40  SCV  
  75  14:41  SCV  
  75  14:43  Marine, Marauder  
  75  14:44  Medivac, Siege Tank  
  75  14:45  Viking  
  87  14:47  Marine x2  
  87  14:50  Concussive Shells  
  89  14:54  Marauder  
  89  14:55  Refinery, SCV  
  92  15:02  Sensor Tower  
  92  15:05  Marauder  
  94  15:08  SCV  
  94  15:12  Marine  
  94  15:13  Marine x5  
  94  15:14  Marine x2, Medivac  
  101  15:16  Terran Vehicle Weapons Level 1, Marauder  
  101  15:20  Viking x2  
  111  15:23  SCV  
  111  15:26  Marauder  
  114  15:30  Marine, Viking  
  114  15:31  Marine  
  118  15:37  Marauder  
  118  15:41  Marine  
  118  15:42  Marine x4  
  125  15:44  Viking  
  125  15:47  Marauder  
  129  15:58  Viking x2  
  133  16:22  Marine, Viking x2  
  133  16:23  Marine x3  
  141  16:28  Viking x2  
  141  16:31  Marine x2  
  147  16:35  Terran Infantry Weapons Level 2  
  147  16:37  Terran Infantry Armor Level 2  
  147  16:57  Refinery  
  138  17:14  Marine x7  
  138  17:15  Marine, Marauder  
  148  17:26  Viking  
  148  17:28  Marauder  
  148  17:31  Viking  
  148  17:32  Marine, Viking  
  149  17:43  Supply Depot  
  149  17:45  Supply Depot  
  149  17:46  Supply Depot  
  149  18:05  Viking x3, Marauder  
  135  18:21  Viking  
  123  18:35  Viking x2  
  125  18:49  Marine x10  
  125  18:50  Siege Tank  
  125  18:51  Medivac x2  
  136  19:05  Viking x2  
  136  19:06  Marine  
  136  19:07  Marine  
  136  19:08  Marauder  
  144  19:14  Marine  
  144  19:15  Marine x6  
  154  19:24  Marine  
Show
View Real Time Build Order
Export as new Build Order

Throwfordays Protoss 

Build Orders: Carriers 

Get SALT Encoding   

  12  0:01  Probe  
  13  0:13  Probe  
  14  0:19  Pylon  
  14  0:25  Probe  
  15  0:37  Probe  
  15  0:39  Forge  
  16  0:54  Pylon  
  16  1:03  Probe  
  17  1:08  Assimilator  
  17  1:15  Probe  
  18  1:20  Gateway  
  18  1:27  Probe  
  19  1:39  Probe  
  20  1:47  Photon Cannon  
  20  1:50  Photon Cannon  
  20  1:56  Assimilator  
  20  2:00  Pylon  
  20  2:22  Cybernetics Core  
  20  2:27  Photon Cannon  
  20  2:29  Probe  
  21  2:31  Photon Cannon  
  21  2:41  Probe  
  22  2:51  Photon Cannon  
  22  2:53  Probe  
  22  2:58  Photon Cannon  
  23  3:07  Photon Cannon  
  23  3:39  Photon Cannon  
  23  3:41  Photon Cannon  
  23  3:54  Photon Cannon  
  23  3:58  Photon Cannon  
  23  4:05  Warp Gate  
  23  4:20  Nexus  
  23  4:30  Pylon  
  23  4:36  Pylon  
  23  5:01  Photon Cannon  
  23  5:02  Photon Cannon  
  23  5:07  Photon Cannon  
  23  5:16  Photon Cannon  
  23  5:28  Photon Cannon  
  23  5:31  Probe  
  24  5:38  Photon Cannon  
  24  5:39  Probe  
  24  5:48  Probe x2  
  26  5:56  Probe  
  28  6:04  Probe  
  28  6:05  Probe  
  30  6:14  Probe  
  30  6:17  Probe  
  32  6:25  Assimilator  
  32  6:26  Probe  
  32  6:29  Probe  
  32  6:31  Assimilator  
  34  6:39  Probe  
  35  6:42  Probe  
  36  6:51  Nexus  
  36  6:54  Probe  
  37  7:04  Protoss Shields Level 1  
  37  7:06  Probe  
  38  7:08  Pylon  
  38  7:11  Pylon  
  38  7:14  Assimilator  
  38  7:17  Protoss Air Weapons Level 1  
  38  7:18  Assimilator, Probe  
  39  7:30  Probe  
  40  7:42  Probe  
  41  7:45  Pylon  
  41  7:48  Pylon  
  41  7:50  Pylon, Probe  
  41  7:53  Pylon  
  41  7:58  Probe  
  43  8:09  Probe  
  43  8:11  Probe  
  44  8:17  Probe  
  44  8:19  Probe  
  45  8:21  Stargate  
  45  8:23  Stargate  
  45  8:24  Stargate  
  45  8:26  Probe  
  47  8:27  Stargate  
  47  8:28  Probe  
  47  8:31  Stargate  
  49  8:35  Probe  
  49  8:38  Probe  
  49  8:41  Probe  
  52  8:47  Probe  
  53  8:49  Twilight Council  
  53  8:50  Probe  
  53  8:53  Probe  
  55  8:59  Probe  
  55  9:02  Void Ray  
  56  9:05  Fleet Beacon  
  56  9:09  Void Ray x2  
  64  9:14  Void Ray  
  72  9:21  Probe  
  73  9:24  Void Ray  
  77  9:33  Probe  
  66  9:53  Void Ray x3  
  66  9:57  Void Ray  
  75  10:24  Void Ray  
  79  10:35  Void Ray  
  79  10:36  Void Ray  
  87  11:26  Nexus  
  87  11:29  Assimilator  
  87  11:32  Assimilator  
  87  11:35  Pylon  
  87  11:37  Pylon  
  87  11:40  Protoss Air Weapons Level 2, Pylon  
  87  12:14  Nexus  
  71  13:23  Probe  
  72  13:35  Probe  
  73  13:47  Probe  
  66  13:59  Probe  
  67  14:06  Protoss Air Weapons Level 3  
  67  14:11  Probe, Carrier x5  
  98  14:36  Protoss Shields Level 2  
  98  14:43  Probe  
  99  14:55  Probe  
  99  14:59  Assimilator  
  100  15:04  Assimilator  
  100  15:08  Probe  
  101  15:44  Carrier  
  101  15:45  Carrier x2  
  119  15:50  Probe  
  120  16:02  Probe  
  113  16:22  Pylon  
  113  16:23  Pylon  
  113  16:25  Pylon  
  113  16:27  Pylon  
  113  16:30  Pylon  
  113  16:32  Pylon  
  113  16:40  Probe  
  113  16:41  Carrier  
  113  16:43  Assimilator  
  120  16:47  Assimilator  
  120  16:52  Probe  
  121  17:04  Probe  
  60  18:18  Carrier x4  
Show
View Real Time Build Order
Export as new Build Order

Cthulhu Protoss 

Build Orders: Nexus First 

Get SALT Encoding   

  1  0:00  Probe  
  12  0:06  Probe  
  14  0:16  Probe  
  15  0:26  Pylon  
  15  0:56  Nexus  
  15  1:04  Pylon  
  15  1:15  Pylon  
  15  1:20  Probe  
  16  1:34  Assimilator  
  16  1:37  Gateway  
  16  1:45  Probe  
  17  1:58  Probe  
  18  2:10  Probe  
  18  2:15  Probe  
  20  2:20  Assimilator  
  20  2:27  Cybernetics Core, Zealot  
  22  2:30  Gateway  
  22  2:31  Gateway  
  22  2:34  Probe  
  22  2:36  Probe  
  24  2:49  Probe  
  24  2:50  Warp Gate  
  25  2:58  Probe  
  25  3:02  Probe  
  27  3:06  Probe  
  27  3:08  Stalker  
  30  3:18  Stalker x2  
  34  3:42  Forge  
  34  3:45  Pylon  
  34  3:46  Stalker  
  36  3:48  Pylon  
  36  3:50  Protoss Ground Weapons Level 1  
  36  4:10  Stalker  
  36  4:11  Stalker  
  40  4:23  Photon Cannon  
  40  4:36  Twilight Council  
  40  4:39  Pylon  
  40  4:41  Stalker  
  42  4:52  Stalker x2  
  46  4:54  Probe  
  47  5:01  Blink  
  47  5:02  Probe  
  48  5:12  Probe  
  48  5:17  Probe  
  48  5:19  Assimilator  
  50  5:24  Probe  
  51  5:41  Stalker x3  
  57  5:44  Protoss Ground Armor Level 1  
  57  6:18  Stalker x3  
  63  6:58  Stalker  
  63  6:59  Stalker x2  
  69  7:12  Assimilator  
  69  7:13  Pylon  
  69  7:14  Robotics Facility  
  61  8:01  Stalker x2  
  57  8:18  Stalker  
  59  8:22  Observer  
  59  8:23  Protoss Ground Weapons Level 2  
  59  8:27  Pylon, Gateway, Probe  
  61  8:35  Probe  
  61  8:36  Photon Cannon  
  61  8:41  Observer  
  62  8:45  Probe  
  64  8:57  Probe  
  64  9:00  Pylon  
  64  9:03  Stalker x3  
  64  9:09  Probe  
  53  10:07  Stalker x4  
  55  10:14  Gateway  
  55  10:16  Gateway  
  55  10:17  Gateway  
  49  10:42  Probe  
  47  10:45  Probe  
  49  10:50  Probe  
  49  10:53  Stalker x2  
  49  10:54  Stalker x2  
  58  10:57  Probe  
  59  11:11  Gateway  
  59  11:12  Gateway  
  59  11:13  Gateway  
  59  11:19  Pylon  
  59  11:22  Stalker x4  
  59  11:23  Stalker  
  59  11:24  Pylon, Stalker x2  
  73  11:47  Stalker x5  
  73  11:48  Stalker x2  
  87  12:21  Stalker x6  
  87  12:22  Stalker x2  
  51  13:05  Stalker x2  
  51  13:06  Stalker x5  
  65  13:16  Stalker x2  
  65  13:17  Stalker  
  55  14:01  Zealot x2  
  55  14:02  Zealot x7  
  70  14:03  Zealot  
  68  14:32  Probe  
  68  14:34  Assimilator  
  69  14:44  Probe  
  51  15:09  Twilight Council  
  43  15:21  Protoss Ground Weapons Level 3, Stalker x3  
  49  16:01  Charge  
  49  16:04  Dark Shrine  
  49  16:05  Stalker x7  
  49  16:06  Stalker x2  
  49  16:08  Observer, Photon Cannon  
  68  16:25  Observer  
  49  17:45  Stalker x3  
  49  17:46  Stalker  
  49  17:47  Stalker  
  41  18:15  Stalker x2  
  41  18:16  Stalker x6  
  41  18:17  Stalker x2  
  53  18:53  Dark Templar x3  
  41  19:11  Dark Templar  
Show
View Real Time Build Order
Export as new Build Order

Faust Zerg 

Build Orders: Hatch First, Lurkers 

Get SALT Encoding   

  12  0:00  Drone  
  13  0:11  Drone  
  14  0:16  Extractor, Drone  
  15  0:23  Overlord  
  15  0:42  Drone x2  
  17  0:56  Hatchery  
  16  0:59  Drone  
  16  1:03  Extractor  
  16  1:05  Drone  
  17  1:19  Spawning Pool  
  16  1:44  Drone x3  
  19  2:06  Queen  
  19  2:08  Queen  
  23  2:09  Zergling x6  
  23  2:12  Metabolic Boost  
  26  2:20  Overlord  
  26  2:37  Drone  
  26  2:38  Baneling Nest  
  26  2:39  Drone x2  
  26  2:42  Drone  
  29  2:49  Drone  
  29  2:50  Drone  
  31  2:57  Drone  
  32  3:05  Lair  
  32  3:08  Overlord  
  32  3:19  Zergling x4  
  34  3:20  Zergling x4  
  34  3:24  Zergling x4  
  34  3:26  Zergling x2  
  36  3:28  Drone  
  37  3:34  Zergling x4  
  39  3:42  Zergling x6  
  42  3:49  Evolution Chamber  
  42  3:52  Evolution Chamber  
  37  4:13  Zergling x12  
  37  4:14  Zergling x4  
  42  4:21  Zergling x2  
  40  4:25  Zerg Melee Weapons Level 1  
  40  4:36  Drone x4  
  40  4:38  Overlord x2  
  44  4:57  Drone x2  
  44  4:59  Zerg Ground Armor Level 1  
  46  5:02  Extractor  
  46  5:03  Drone x4  
  46  5:04  Extractor x2, Drone  
  48  5:19  Zergling x2  
  48  5:20  Zergling x10  
  54  5:26  Drone  
  40  5:37  Drone x2  
  41  5:46  Drone  
  41  5:49  Drone  
  44  5:50  Drone x3  
  34  6:30  Baneling x4  
  34  6:31  Baneling x2  
  34  6:32  Drone  
  34  6:33  Drone x2  
  34  6:36  Zerg Melee Weapons Level 2  
  34  6:38  Drone x3  
  39  6:40  Drone x2  
  41  6:48  Drone x3  
  41  6:50  Drone  
  45  7:01  Hatchery  
  43  7:12  Drone x5  
  45  7:29  Infestation Pit  
  44  7:31  Drone x6  
  50  7:55  Roach Warren  
  50  7:57  Drone  
  50  7:58  Drone x6, Hydralisk Den  
  55  8:09  Hive  
  55  8:16  Drone x2  
  55  8:17  Queen, Drone  
  55  8:18  Overlord  
  60  8:22  Overlord  
  60  8:24  Overlord  
  60  8:29  Muscular Augments  
  60  8:48  Hydralisk  
  60  8:49  Hydralisk x5  
  60  8:50  Hydralisk  
  60  8:53  Drone  
  60  8:54  Drone x2  
  79  9:00  Hydralisk  
  79  9:02  Roach x2  
  72  9:10  Roach x2  
  65  9:26  Roach  
  65  9:27  Roach x2  
  67  9:33  Roach x2  
  67  9:37  Roach  
  67  9:38  Roach x4  
  67  9:48  Lair  
  51  10:06  Ravager  
  46  10:10  Ravager  
  46  10:11  Ravager  
  34  10:50  Spawning Pool, Hatchery  
  34  10:55  Spire  
  31  11:05  Hydralisk Den  
  31  11:10  Drone x9  
  39  11:34  Overlord x2  
  39  11:35  Overlord  
  39  11:47  Overlord x2  
  39  11:48  Lurker Den  
  38  12:04  Hydralisk  
  38  12:05  Hydralisk x3  
  38  12:07  Queen  
  48  12:09  Drone x2  
  48  12:12  Hatchery  
  49  12:17  Drone x2  
  49  12:22  Extractor  
  50  12:26  Hydralisk x2  
  54  12:32  Drone  
  55  12:55  Drone x3  
  58  13:00  Drone x4  
  58  13:01  Drone  
  63  13:10  Evolution Chamber  
  61  13:20  Lurker x2  
  61  13:21  Lurker x3  
  37  14:33  Hydralisk x3  
  37  14:36  Hatchery  
  42  15:05  Lurker x3  
  45  15:16  Overseer  
  42  15:43  Drone  
  42  15:44  Drone x2, Hatchery  
  42  15:45  Zerg Missile Weapons Level 1  
  42  15:47  Queen  
  46  16:05  Hatchery  
  45  16:21  Drone x3  
  48  16:28  Extractor  
  48  16:30  Queen  
  37  17:09  Hydralisk  
  37  17:10  Hydralisk x7  
  53  17:16  Queen  
  55  17:33  Drone x3  
  55  17:34  Drone x3  
  61  17:45  Lurker x5  
  61  17:46  Lurker x2  
  61  17:48  Extractor, Lurker  
  34  18:28  Hydralisk x3  
  34  18:29  Hydralisk x3  
  44  18:56  Lurker x3  
  44  18:57  Lurker x3  
  50  19:13  Zergling x6  
Tags
 
Add a new tag
Caveats
  • Supply blocks, unpowered buildings, or Contaminate may cause inaccurate times.
  • Supply counts are checked every 10 seconds.